 Dungeon Crawl Stone Soup version 0.25-a0-316-gd28d56f9c5 (webtiles) character file.

Game seed: 1614671084548575624, levelgen mode: classic

341 Borgoz the Twirler (level 6, 0/37 HPs)
             Began as a Gargoyle Gladiator on Dec 24, 2019.
             Killed by divine providence
             ... invoked by an orc priest
              (13 damage)
             ... on level 3 of the Dungeon.
             The game lasted 00:04:03 (2989 turns).

Borgoz the Twirler (Gargoyle Gladiator)             Turns: 2989, Time: 00:04:04

Health: 0/37       AC: 14    Str: 17    XL:     6   Next: 56%
Magic:  6/6        EV: 11    Int:  9    God:
Gold:   129        SH:  0    Dex: 13    Spells: 5/5 levels left

rFire    . . .     SeeInvis .   a - +0 quarterstaff
rCold    . . .     Gourm    .   (shield currently unavailable)
rNeg     + . .     Faith    .   q - +0 scale mail (curse)
rPois    ∞         Spirit   .   c - +0 helmet
rElec    +         Reflect  .   n - +1 cloak
rCorr    .         Harm     .   (no gloves)
MR       .....                  (no boots)
Stlth    ..........             (no amulet)
HPRegen  0.12/turn              (no ring)
MPRegen  0.10/turn              (no ring)

@: no status effects
A: negative energy resistance 1, electricity resistance, unbreathing,
petrification resistance, rot immunity, AC +4
a: no special abilities


You were on level 3 of the Dungeon.
You were not hungry.

You visited 1 branch of the dungeon, and saw 3 of its levels.

You collected 129 gold pieces.

Inventory:

Hand Weapons
 a - a +0 quarterstaff (weapon)
Missiles
 d - 3 throwing nets (quivered)
Armour
 c - a +0 helmet (worn)
 n - a +1 cloak (worn)
 q - a cursed +0 scale mail (worn)
Scrolls
 e - 2 scrolls of identify {unknown}
 h - 7 scrolls of fear {unknown}
 i - a scroll of blinking {unknown}
 j - a scroll of enchant weapon {unknown}
 k - 2 scrolls of immolation {unknown}
 l - a scroll of noise {unknown}
 m - 3 scrolls of fog {unknown}
 r - a scroll of remove curse {unknown}
Potions
 g - a potion of lignification {unknown}
 o - 3 potions of curing {unknown}
 p - a potion of ambrosia {unknown}
Comestibles
 b - 11 chunks of flesh
 f - 3 rations


   Skills:
 + Level 3.5 Fighting
 * Level 4.7 Staves
 - Level 1.7 Throwing
 + Level 2.7 Armour
 * Level 3.9 Dodging


You had 5 spell levels left.
You didn't know any spells.
Your spell library contained the following spells:

 Spells                   Type           Power        Failure   Level  Hunger
 Animate Skeleton         Necr           N/A          80%         1    ##.....
 Apportation              Tloc           #.....       80%         1    ##.....
 Confusing Touch          Hex            #.....       80%         1    ##.....
 Summon Small Mammal      Summ           #...         80%         1    ##.....


Dungeon Overview and Level Annotations

Branches:
Dungeon (3/15)

Altars:
Uskayaw


Innate Abilities, Weirdness & Mutations

You are resistant to torment.
Your stone body is resilient. (AC +4)
You are immune to poison.
You resist negative energy. (rN+)
You are resistant to electric shocks. (rElec)
You can survive without breathing.
You are immune to petrification.
You are immune to rotting.


Message History

You closely miss something. Something hits you but does no damage.
You closely miss something. Something hits you but does no damage.
Some of the chunks of flesh in your inventory have rotted away.
You sock something! Something hits you but does no damage.
The orc priest mumbles some strange prayers to Beogh against you.
Beogh smites you!
You are too injured to fight recklessly!
You are too injured to fight recklessly!
You are too injured to fight recklessly!
You are too injured to fight recklessly!
You are too injured to fight recklessly!
You are too injured to fight recklessly!
You are too injured to fight recklessly!
You are too injured to fight recklessly!
You are too injured to fight recklessly!
You are too injured to fight recklessly!
You closely miss something. Something hits you but does no damage.
The orc priest mumbles some strange prayers to Beogh against you.
Beogh smites you!
You die...

#. # #.# .#. ##.#
.... # ..# #...# .
#.# #..... #.##
###.## #...... #.#.
#....####.......
..##...
#......@(o......
.......
#.###....####.......
..###.. #.......##
#...... #..
#####.### #.....
###.# ##†# #...#
..... #..# #+##
##### #.## #.# #.#
#.# #.# ##.########


You could see an orc priest.

Vanquished Creatures
  5 orc priests (D:3)
  A jelly (D:3)
  7 adders
  3 worms
  2 dart slugs
  6 leopard geckos
  12 orcs (D:3)
  9 bats
  2 giant cockroaches
  6 goblins
  6 hobgoblins
  4 jackals (D:2)
  A quokka (D:3)
  A ball python (D:3)
  4 frilled lizards
  5 kobolds
  7 rats
81 creatures vanquished.

Notes
Turn   | Place    | Note
-------+----------+-------------------------------------------
     0 | D:1      | Borgoz the Gargoyle Gladiator began the quest for the Orb.
     0 | D:1      | Reached XP level 1. HP: 12/12 MP: 1/1
   135 | D:1      | Reached XP level 2. HP: 16/17 MP: 2/2
  1012 | D:2      | Found a hide-covered altar of Uskayaw.
  1089 | D:2      | Reached skill level 1 in Armour
  1089 | D:2      | Reached XP level 3. HP: 12/22 MP: 3/3
  1556 | D:2      | Reached XP level 4. HP: 24/27 MP: 4/4
  2072 | D:3      | Reached skill level 4 in Staves
  2072 | D:3      | Reached XP level 5. HP: 18/32 MP: 5/5
  2526 | D:3      | Reached XP level 6. HP: 23/37 MP: 6/6
  2989 | D:3      | Killed from afar by an orc priest

Levels and vault maps discovered:
D:1:      ncdulo_lavacross, layout_basic, minmay_strange_pillars, minivault_5
D:2:      layout_loops_ring, lemuel_crystal_altar, minmay_bisected
D:3:      layout_loops_corners, minmay_misc_feat_columns, st_stairs_10

Skill      XL: |  1  2  3  4  5 |
---------------+----------------+-----
Armour         | 1 2 |  2.7
Dodging        | 3 |  3.9
Fighting       | 3 |  3.5
Staves         | 4 |  4.7
Throwing       | |  1.7

Action                   |  1- 3 |  4- 6 || total
-------------------------+-------+-------++-------
Melee: Quarterstaff      |   107 |   207 ||   314
Throw: Throwing net      |       |     1 ||     1
  Eat: Chunk             |     2 |     5 ||     7
Armor: Leather armour    |     4 |       ||     4
       Ring mail         |    59 |       ||    59
       Scale mail        |     4 |   133 ||   137
Dodge: Dodged            |    89 |   125 ||   214

Table legend:
 A = Non-vault XP
 B = Vault XP
 C = Vault XP percentage of total XP
 D = Non-vault monster count
 E = Vault monster count
 F = Vault count percentage of total count
                 A         B        C        D         E       F
            +---------+---------+-------+---------+---------+-------
      Total |     465 |      23 |   4.7 |      75 |       6 |   7.4
            +---------+---------+-------+---------+---------+-------
        D:1 |      18 |       0 |   0.0 |       9 |       0 |   0.0
        D:2 |      95 |       6 |   5.9 |      31 |       3 |   8.8
        D:3 |     352 |      17 |   4.6 |      35 |       3 |   7.9
            +---------+---------+-------+---------+---------+-------
